[Event "79th LOTTO Polish-ch 2022"]
[Site "Kruszwica"]
[Date "2022.05.14"]
[Round "4.2"]
[White "Wojtaszek, Radoslaw"]
[Black "Moranda, Wojciech"]
[Result "1/2-1/2"]
[ECO "D30"]
[WhiteElo "2696"]
[BlackElo "2630"]
[Annotator "TA"]
[PlyCount "94"]
[EventDate "2022.05.10"]
[EventType "k.o."]
[EventCountry "POL"]
[SourceTitle "playchess.com"]
[Source "ChessBase"]
[SourceQuality "1"]
[TimeControl "900+10"]

1. c4 Nf6 2. Nf3 e6 3. d4 d5 4. Bg5 dxc4 5. Qa4+ Nbd7 6. Qxc4 c5 {[%emt 0:00:24] D30: Queen's Gambit Declined: Systems without Nc3.} 7. Nbd2 a6 8. e3 b5 {[%emt 0:00:09] Black is slightly better.} 9. Qc2 Bb7 10. dxc5 Bxc5 11. Bd3 Rc8 {[%emt 0:00:12] aiming for ...Bxf3.} 12. Qb1 {[%emt 0:00:09] [#]} h6 $146 (12... Bb4 {is interesting.} 13. Ke2 Nc5 14. Rc1 Ke7) ({Predecessor:} 12... Be7 13. O-O Nc5 14. Bc2 h6 15. Bh4 O-O 16. Rd1 Nd5 17. Bxe7 Qxe7 18. Ne4 Nb4 19. Nxc5 Nxc2 20. Qxc2 Bxf3 21. gxf3 Rxc5 {0-1 (41) Nikcevic,N (2435)-Blagojevic,D (2499) Podgorica 2019}) 13. Bh4 (13. Bxf6 $15 Nxf6 14. O-O) 13... O-O $2 ({Black should try} 13... g5 $1 $19 14. Bg3 g4) 14. O-O Qb6 15. a4 Rfd8 16. Rd1 Be7 17. axb5 axb5 18. Nd4 Nf8 19. Bf1 Rd5 20. N2b3 Ng6 21. Bg3 Nh5 22. Qa2 (22. Na5 $11) 22... Nxg3 23. hxg3 Ra8 {[%emt 0:00:13] Prevents Qa5.} 24. Qb1 Rad8 $36 {[%emt 0:00:19][%mdl 2048] Threatens to win with ...e5. Black has the initiative.} 25. Rc1 Ne5 26. Qc2 Rc8 {[%emt 0:00:17] Prevents Qc7.} 27. Qxc8+ {[%emt 0:00:40] Black keeps a firm grip on the game.} (27. Qd1 $1 $15) 27... Bxc8 $17 28. Rxc8+ Rd8 29. Rxd8+ Bxd8 30. Bxb5 Qd6 31. Ra6 Qb4 {[%emt 0:00:09] Strongly threatening ...Qe1+.} 32. Ra1 {[%emt 0:00:31] Against Qe1+} ({Don't go for} 32. Ra8 $2 Qe1+ 33. Bf1 Ng4 $1 34. Rxd8+ Kh7 $19) (32. Kf1 $17 {might work better.}) 32... Bb6 $19 33. Bf1 $2 (33. Rc1) 33... Bxd4 (33... Ng4 $142 34. Nc1 Bxd4 35. exd4 {[#]} Nxf2 $1 36. Ra8+ Kh7) 34. Nxd4 Qxb2 35. Rd1 g6 36. Be2 Qc3 37. Kf1 Kg7 38. Nf3 Nc6 39. Nd4 Nb4 40. Nf3 Nd5 41. Nd4 Qb2 42. Bf3 Nc3 43. Re1 e5 44. Ne2 e4 45. Bg4 {[%emt 0:00:08] Black is clearly better.} f5 46. Nxc3 Qxc3 47. Be2 h5 {Inhibits g4.  Weighted Error Value: White=0.32/Black=0.26 (precise)} 1/2-1/2

[Event "79th LOTTO Polish-ch 2022"]
[Site "Kruszwica"]
[Date "2022.05.14"]
[Round "4.2"]
[White "Piorun, Kacper"]
[Black "Tomczak, Jacek"]
[Result "1/2-1/2"]
[ECO "B51"]
[WhiteElo "2635"]
[BlackElo "2584"]
[Annotator "TA"]
[PlyCount "48"]
[EventDate "2022.05.10"]
[EventType "k.o."]
[EventCountry "POL"]
[SourceTitle "playchess.com"]
[Source "ChessBase"]
[SourceQuality "1"]
[TimeControl "900+10"]

1. e4 c5 2. Nf3 d6 3. Bb5+ Nd7 4. d4 cxd4 5. Qxd4 a6 6. Be2 {[%emt 0:00:01] B51: Sicilian: Moscow Variation (3 Bb5+) without 3...Bd7.} Ngf6 7. O-O g6 8. Nc3 Bg7 9. Rd1 O-O 10. e5 dxe5 11. Nxe5 Qc7 {[%emt 0:00:02] [#]} 12. Nxd7 $146 (12. Bf4 $14) ({Predecessor:} 12. Bf4 Nh5 13. Bxh5 Bxe5 14. Nd5 Qd6 15. Bxe5 Nxe5 16. Qe3 Rb8 17. f4 Nc6 18. Bf3 {1-0 (50) Artemiev,V (2682)-Can,E (2589) Minsk 2017}) 12... Bxd7 $11 13. Bf4 Qc8 14. Qb4 Bc6 15. Qxe7 Re8 16. Qd6 Qf5 {[%emt 0:01:55][%cal Oe8e2][%mdl 1024] White must now prevent ...Rxe2! Black has compensation.} 17. Bd3 Qg4 {[%emt 0:00:14][%csl Gc6][%cal Rg4g2] [#]} 18. Bg3 Nh5 {[%emt 0:00:14] And now ...Rad8 would win.} 19. Re1 ({Of course not} 19. h3 Qg5 20. h4 Qa5 $17) (19. Bf1 $11) 19... Red8 20. Qe7 Nxg3 21. hxg3 Re8 {[%emt 0:00:06] The position is equal.} 22. Qd6 Red8 23. Qe7 Re8 24. Qd6 Red8 {[%emt 0:00:02] Weighted Error Value: White=0.14 (very precise) /Black=0.07 (flawless)} 1/2-1/2

[Event "79th LOTTO Polish-ch 2022"]
[Site "Kruszwica"]
[Date "2022.05.14"]
[Round "4.2"]
[White "Moranda, Wojciech"]
[Black "Wojtaszek, Radoslaw"]
[Result "0-1"]
[ECO "C84"]
[WhiteElo "2630"]
[BlackElo "2696"]
[Annotator "TA"]
[PlyCount "99"]
[EventDate "2022.05.10"]
[EventType "k.o."]
[EventCountry "POL"]
[SourceTitle "playchess.com"]
[Source "ChessBase"]
[SourceQuality "1"]
[TimeControl "900+10"]

1. e4 {[%emt 0:10:15] Havasi,G} e5 2. Nf3 Nc6 3. Bb5 a6 4. Ba4 Nf6 5. O-O Be7 6. d3 b5 7. Bb3 d6 8. a3 O-O 9. Nc3 Rb8 {[%emt 0:00:08] C77: Ruy Lopez: 3...a6 4 Ba4 Nf6, unusual lines.} 10. Be3 Na5 11. Ba2 c5 {[%emt 0:00:10] The position is equal.} 12. Nd5 {[%emt 0:00:07] [#]} Nxd5 $5 $146 {[%emt 0:00:10][%mdl 8] New and interesting.} ({Predecessor:} 12... c4 13. Nxe7+ Qxe7 14. Qd2 Nc6 15. h3 Be6 16. b4 Rfc8 17. c3 cxd3 18. Qxd3 Bxa2 19. Rxa2 {0-1 (41) Leko,P (2708)-Carlsen,M (2850) Reykjavik 2015 CBM 170 [Havasi,G]}) 13. Bxd5 Bb7 14. b4 Bxd5 15. exd5 Nb7 16. g4 Rc8 17. Nd2 Qd7 18. Ne4 c4 19. Kh1 Nd8 20. Rg1 f5 (20... f6 $11) 21. gxf5 $16 Qxf5 22. Qg4 Qxg4 23. Rxg4 Nf7 24. a4 Rc7 25. axb5 axb5 26. h4 h5 27. Rg6 {[%emt 0:00:10] [#] Black must now prevent Rag1.} (27. Rg3 $5 ) 27... Kh7 (27... Bxh4 28. Rag1 $16) 28. Rag1 Rg8 29. Re6 Nd8 {[%emt 0:00:13] [#]} 30. Rxe7 Rxe7 31. Nxd6 cxd3 {[%emt 0:00:09] Strongly threatening ...Rd7.} 32. cxd3 Rd7 33. Ne4 {[%emt 0:00:40] Loses the game.} (33. Bc5 $11) 33... Rxd5 $19 34. Rg5 (34. Rc1 $142) 34... Ne6 ({And not} 34... Rxd3 35. Rxh5+ Kg6 36. Rg5+ Kh7 37. Rh5+ Kg6 38. Rg5+ Kf7 39. Rxe5 $11) 35. Rxh5+ Kg6 36. Ng3 Rf8 (36... Rxd3 37. Rxe5 Nc7 38. Ne2 $17) 37. Kg2 (37. Kh2 $142) 37... Nf4+ ({Weaker is} 37... Rxd3 38. Rxe5 Nf4+ 39. Kg1 $17) 38. Bxf4 Rxf4 {[%emt 0:00:08][%mdl 4096] Endgame KRR-KRN} 39. Rg5+ Kf7 40. h5 Rxb4 41. Rg6 $2 (41. Rf5+ {keeps fighting.} Ke6 42. Rg5) 41... Rxd3 42. Nf5 Rf4 43. Nd6+ Kf8 {[%emt 0:00:20] ...b4 is the strong threat.} 44. Re6 Kg8 {[%emt 0:00:09] Hoping for ...b4.} ({Not} 44... Rg4+ $2 45. Kf1 Kg8 46. Re8+ Kh7 47. Nf7 $17) 45. Nxb5 Rd2 46. Rxe5 Kh7 47. Kg3 Rdxf2 48. Nd4 {[%emt 0:00:08] Prevents R2f3+.} Rf1 49. Rd5 Rf6 {[%emt 0:00:14] And now ...Rg1+ would win.} 50. Kg4 $2 {Weighted Error Value: White=0.28 (precise) /Black=0.13 (very precise)} (50. Re5) 0-1

[Event "79th LOTTO Polish-ch 2022"]
[Site "Kruszwica"]
[Date "2022.05.14"]
[Round "4.2"]
[White "Tomczak, Jacek"]
[Black "Piorun, Kacper"]
[Result "1/2-1/2"]
[ECO "C11"]
[WhiteElo "2584"]
[BlackElo "2635"]
[Annotator "TA"]
[PlyCount "189"]
[EventDate "2022.05.10"]
[EventType "k.o."]
[EventCountry "POL"]
[SourceTitle "playchess.com"]
[Source "ChessBase"]
[SourceQuality "1"]
[TimeControl "900+10"]

1. e4 e6 2. d4 d5 3. Nc3 Nf6 4. e5 Nfd7 5. f4 c5 6. Nf3 Nc6 7. Be3 a6 8. Be2 Be7 9. O-O O-O 10. Kh1 b6 11. Qe1 Bb7 12. Qg3 cxd4 13. Nxd4 Nxd4 14. Bxd4 Bc5 15. Rad1 Bxd4 16. Rxd4 f6 17. exf6 Qxf6 18. Rdd1 Nc5 19. Bd3 (19. b4 $14 Ne4 20. Nxe4 dxe4 21. c4) 19... Rf7 (19... Rac8 $15) 20. b3 (20. Be2 $11 {remains equal.}) 20... g6 (20... Raf8 $17) 21. Ne2 e5 22. fxe5 Qxf1+ 23. Rxf1 Rxf1+ 24. Ng1 Ne4 25. Bxe4 dxe4 26. h3 Re8 27. Kh2 Rf5 28. e6 Bc8 29. Ne2 Bxe6 30. Nd4 Rf7 31. Qe3 (31. c4 $5 ) 31... Bd7 32. Ne2 b5 33. Nc3 Bc6 34. Ne2 Bb7 35. Nd4 Rd7 36. c4 bxc4 37. bxc4 Rc7 38. Qb3 e3 39. c5+ $1 Rf7 40. Qc4 Bc8 41. c6 Kf8 42. c7 Ree7 43. Qc5 Kg8 44. Nc6 $2 (44. Qd6 $11 Rxc7 45. Nf3) 44... Rxc7 $2 ({Black should try} 44... Re8 $19 {And now ...e2 would win.} 45. Ne5 e2) 45. Qxe3 $11 Bb7 46. Ne5 Rc2 47. h4 $1 Rxg2+ 48. Kh3 Rgf2 (48... Rxa2 $2 49. Nxf7 Bc8+ 50. Kg3 Kxf7 51. h5 $18) 49. Qd4 (49. Qb6 $11) 49... R2f4 (49... Rxa2 50. Nxf7 Bc8+ 51. Kg3 Kxf7 52. h5 Ra3+ 53. Kf2 $16) (49... R7f4 $17 50. Qd7 Bg2+ 51. Kg3 Rf8) 50. Qd8+ Rf8 51. Qb6 $1 Bc8+ 52. Kg3 R4f6 53. Qb3+ (53. Qa5 $11 {keeps the balance.}) 53... Kh8 (53... Be6 $17 54. Qc2 g5) 54. Qc3 Kg8 55. Qc4+ Kh8 56. Qd4 Kg8 57. a4 Bf5 58. a5 Bc8 59. Qc5 Kg7 60. Qd5 Kh8 61. Qc4 Kg7 62. Qd4 Kg8 63. Qb2 Bf5 64. Qb3+ Be6 65. Qc3 Bc8 66. Qd4 Be6 67. Qd1 Bc8 68. Qd3 Kh8 69. Qc4 Kg7 70. Qd4 Kg8 71. Nd3 Rf3+ 72. Kh2 R3f6 73. Kg2 (73. Ne5 $11) 73... Bb7+ (73... Be6 $17 74. Ne5 Rf4) 74. Kh2 $11 Bc8 75. Qc4+ Kg7 76. Qc3 Kg8 77. Qd4 (77. Qc4+ $11 Kh8 78. Kg3) 77... Bb7 (77... Be6 $15) 78. Qc4+ $11 Kh8 79. Qc3 Bc8 80. Ne5 Kg8 (80... Rf2+ 81. Kg3 R2f6 82. Qc5 $15) 81. Qd4 Bf5 82. Kg3 Bc8 ({Reject} 82... Be6 $6 83. Qd3 $17) 83. Qd1 Kh8 84. Qe2 Kg8 85. Qc4+ Kh8 86. Qc7 Kg8 87. Qe7 Re6 88. Qc5 Ref6 89. Qc4+ Kh8 90. Qd4 Kg8 91. Nd3 Rf3+ (91... h6 $11) 92. Kh2 $17 {[%emt 0:00:08] [#]} R3f6 (92... Be6 $1 $17 93. Ne5 Rf2+ 94. Kg3 R2f5) 93. Ne5 Rf2+ 94. Kg3 R2f6 95. Qc4+ 1/2-1/2

[Event "79th LOTTO Polish-ch 2022"]
[Site "Kruszwica"]
[Date "2022.05.15"]
[Round "5.1"]
[White "Piorun, Kacper"]
[Black "Wojtaszek, Radoslaw"]
[Result "1/2-1/2"]
[ECO "B91"]
[WhiteElo "2635"]
[BlackElo "2696"]
[Annotator "TA"]
[PlyCount "50"]
[EventDate "2022.05.10"]
[EventType "k.o."]
[EventCountry "POL"]
[SourceTitle "playchess.com"]
[Source "ChessBase"]
[SourceQuality "1"]
[TimeControl "900+10"]

1. e4 c5 2. Nf3 d6 3. d4 cxd4 4. Nxd4 Nf6 5. Nc3 a6 6. g3 e5 7. Nb3 Be7 8. Bg2 O-O 9. O-O Be6 10. a4 Nbd7 11. Re1 {[%emt 0:00:00] B91: Sicilian Najdorf: 6 g3.} Qc7 12. Nd2 Qc5 13. Nb3 Qc7 14. Nd2 Qc5 15. Nb3 Qc7 16. Nd2 {[#] A rather calm draw.  Weighted Error Value: White=0.12 (very precise) /Black=0.04 (flawless)} {Predecessor:} Bd8 $146 17. Nf1 Qc5 18. Ne3 Ba5 19. Bd2 Rac8 20. Ne2 Bxd2 21. Qxd2 Ng4 22. Nxg4 Bxg4 23. Rac1 b5 24. b4 Qc6 25. axb5 axb5 {½-½ (39) Wei,Y (2706)-Giri,A (2798) Wijk aan Zee 2016} 1/2-1/2

[Event "79th LOTTO Polish-ch 2022"]
[Site "Kruszwica"]
[Date "2022.05.16"]
[Round "5.2"]
[White "Wojtaszek, Radoslaw"]
[Black "Piorun, Kacper"]
[Result "1-0"]
[ECO "D25"]
[WhiteElo "2696"]
[BlackElo "2635"]
[Annotator "TA"]
[PlyCount "81"]
[EventDate "2022.05.10"]
[EventType "k.o."]
[EventCountry "POL"]
[SourceTitle "playchess.com"]
[Source "ChessBase"]
[SourceQuality "1"]
[TimeControl "40/5400+30:1800+30"]

1. d4 d5 2. Nf3 Nf6 3. c4 dxc4 4. e3 Bg4 5. Bxc4 e6 6. Nc3 Nbd7 7. h3 Bh5 8. O-O Be7 9. e4 {[%emt 0:00:51] D25: Queen's Gambit Accepted: 4 e3: sidelines and 4...Bg4.} O-O 10. g4 $5 {[%emt 0:08:54][%mdl 4] Leaves trodden paths.} Bg6 11. Qe2 {[%emt 0:00:08] [#] White is slightly better.} h6 $146 (11... Nb6 $11 {remains equal.}) ({Predecessor:} 11... c6 12. a4 Bb4 13. g5 Ne8 14. Nh4 Nb6 15. Bb3 Qxd4 16. a5 Nc8 17. Ra4 Qd6 {0-1 (31) Ding,L (2791)-Yu,Y (2709) chess24.com INT 2020}) 12. Rd1 c6 13. Bf4 Re8 14. Bd3 a5 15. a4 Bb4 16. Rac1 Rc8 17. Bg3 Qb6 18. e5 Nd5 19. Ne4 (19. g5 $14) 19... Be7 20. h4 Bh7 21. g5 hxg5 22. Nfxg5 Bf5 (22... Bxe4 $142 23. Nxe4 (23. Qxe4 Nf8 $11) 23... Qb4) 23. Nd6 $1 $16 (23. Qh5 $6 Bg6 24. Qf3 Rf8 $11) 23... Bxd6 $4 (23... Bxg5 $16 24. hxg5 Ra8) 24. Bxf5 $2 (24. Qh5 $1 $18 {and the rest is easy. White threatens Bxf5 and mate.} Re7 25. Bxf5 (25. exd6 N7f6 $11)) 24... Nf8 25. exd6 exf5 {[%emt 0:00:29] [#]} 26. d7 $1 (26. Qh5 g6 27. Qf3 (27. Qh6 f4 $17) 27... Qd8 $15) 26... Nxd7 27. Qh5 {[%emt 0:00:02] Threatening mate with Qh7+.} N7f6 {[%emt 0:03:35] Prevents Qh7+.} 28. Qxf7+ Kh8 {[%emt 0:00:05] [#]} 29. Be5 (29. Ne6 $2 Re7 30. Qg6 Rxe6 $19) 29... Rf8 30. Qe6 $40 {[%emt 0:00:58][%mdl 128] White wants a kill. White is more active.} Rce8 31. Qxf5 {[%emt 0:00:34][%cal Oh4h5] h5! is the strong threat.} Qxb2 (31... Qd8 $16 32. Qd3 Kg8) 32. Re1 $18 (32. Bd6 Nc3 $16) 32... Qd2 33. Rcd1 Qc3 (33... Ne7 34. Qb1 (34. Rxd2 Nxf5 35. Rb1 c5 $11) 34... Qb4 35. Bxf6 Qxb1 36. Bxg7+ (36. Rxb1 gxf6 37. Rxb7 fxg5 $14) 36... Kxg7 37. Rxb1 Kg8) 34. h5 Ne7 35. Qb1 {[%emt 0:00:02] Bxf6 would kill now.} Qb4 36. Qd3 {[%emt 0:03:11] Intending Bxf6 and mate.} Ned5 37. h6 Qe7 38. Qg6 Qd7 39. Re4 Kg8 $2 (39... gxh6 40. Rh4 Qg7 41. Rxh6+ Kg8) 40. Bxf6 ({Weaker is} 40. hxg7 Qxg7 41. Qxg7+ Kxg7 $11) (40. Rde1 $142 b6 41. Bxf6 (41. hxg7 Qxg7 42. Qxg7+ Kxg7 $11) 41... Nxf6 42. Rxe8 Rxe8 43. Rxe8+ Nxe8 44. h7+ Kh8 45. Nf7+ Qxf7 46. Qxf7) 40... Nxf6 41. Rxe8 {[%emt 0:04:01] Weighted Error Value: White=0.36/Black=0.41} 1-0